Map: Deathaura LE

Players

ToIsengard - Winner!

  • Race: Protoss Protoss
  • League: Grandmaster
  • Spawn Location: 5:00

A.I. 1 (Very Easy)

  • Race: Protoss Protoss
  • Spawn Location: 11:00

VOD

https://www.youtube.com/watch?v=7vIdE4rmYaU

Description

Time

  • Played on: June 22, 2020, 3:26 a.m.
  • Length: 7:05
Show
View Real Time Build Order
Export as new Build Order

ToIsengard Protoss - Winner!

Build Orders: 1 Gate Expand, Colossus Rush 

Get SALT Encoding   

  12  0:02  Probe  
  13  0:14  Probe  
  14  0:19  Pylon  
  14  0:25  Probe  
  15  0:33  Probe  
  15  0:40  Gateway  
  15  0:41  Probe  
  17  0:50  Assimilator  
  17  0:52  Probe  
  18  1:04  Probe  
  19  1:17  Probe  
  20  1:25  Nexus  
  20  1:36  Cybernetics Core  
  20  1:38  Probe  
  21  1:44  Assimilator  
  21  1:50  Probe  
  21  1:53  Pylon  
  22  2:02  Probe, Stalker  
  23  2:12  Warp Gate  
  23  2:15  Probe  
  26  2:27  Probe  
  26  2:28  Robotics Facility  
  27  2:33  Probe, Adept  
  29  2:39  Probe  
  29  2:41  Probe  
  32  2:51  Probe  
  32  2:52  Probe  
  34  3:03  Probe, Gateway  
  34  3:04  Probe  
  36  3:07  Warp Prism  
  36  3:15  Robotics Bay  
  36  3:18  Probe  
  39  3:22  Adept  
  39  3:25  Pylon  
  42  3:27  Probe  
  42  3:30  Probe  
  43  3:37  Pylon  
  43  3:39  Probe  
  44  3:43  Probe  
  45  3:49  Colossus  
  45  3:51  Probe  
  45  3:55  Probe  
  47  4:03  Probe  
  47  4:06  Assimilator  
  47  4:07  Probe, Pylon  
  47  4:09  Gravitic Drive  
  55  4:13  Assimilator  
  55  4:15  Probe  
  56  4:19  Probe  
  56  4:22  Pylon  
  57  4:27  Probe  
  57  4:28  Gateway  
  57  4:30  Gateway  
  58  4:32  Disruptor  
  61  4:49  Gateway  
  61  4:50  Gateway  
  61  4:52  Gateway  
  61  4:54  Gateway  
  61  4:57  Pylon  
  61  4:58  Immortal  
  61  5:06  Sentry  
  63  5:07  Stalker  
  63  5:11  Pylon  
  69  5:23  Stalker  
  71  5:30  Stalker x2  
  71  5:33  Stalker  
  77  5:37  Observer  
  78  5:44  Pylon  
  78  5:47  Sentry  
  78  5:48  Zealot x3  
  86  5:52  Pylon  
  86  5:54  Zealot x2, Sentry  
  92  6:11  Zealot x3, Sentry x2  
  96  6:12  Pylon  
  102  6:24  Zealot x3  
  114  6:42  Stalker x2  
  112  6:57  Stalker x3  
Show
View Real Time Build Order
Export as new Build Order

A.I. 1 (Very Easy) Protoss 

Build Orders:  

Get SALT Encoding   

  12  0:00  Probe  
  13  0:13  Probe  
  14  0:20  Pylon  
  14  0:36  Assimilator  
  14  0:43  Gateway  
  14  0:47  Pylon  
  14  1:15  Assimilator  
  14  1:18  Probe  
  15  1:26  Probe  
  16  1:33  Cybernetics Core  
  16  1:35  Probe  
  17  1:45  Probe  
  18  1:56  Probe  
  18  1:59  Warp Gate  
  19  2:04  Probe  
  19  2:12  Stalker  
  22  5:22  Zealot  
  22  5:23  Probe  
  22  5:25  Pylon  
  22  5:27  Robotics Facility  
  26  5:35  Probe  
  26  5:45  Probe  
  27  5:53  Probe  
  27  6:01  Stalker  
  27  6:02  Probe, Pylon  
  31  6:11  Observer  
  32  6:31  Stalker  
  34  6:34  Pylon  
  26  6:47  Probe  
  26  6:52  Robotics Facility  
  5  6:59  Stalker  
Tags
 
Matchup
PvP
Spawn Locations
Cross Positions
Add a new tag
Caveats
  • Supply blocks, unpowered buildings, or Contaminate may cause inaccurate times.
  • Supply counts are checked every 10 seconds.